[Event "Titled Tuesday Blitz January 10 Early 2023"]
[White "Jobava, Baadur"]
[Black "Blanco Ronquillo, Humberto L."]
[WhiteFideId "13601520"]
[BlackFideId "3504239"]
[WhiteElo "3020"]
[BlackElo "2626"]
[Result "1-0"]
[Round "04"]
[TimeControl "180+1"]
[Date "2023.01.10"]
[WhiteClock "0:00:30"]
[BlackClock "0:00:05"]

1. b3 d5 2. Bb2 Bf5 3. d3 e6 4. Nd2 Nf6 5. g3 c5 6. Bg2 Nc6 7. e4 Bg6 8. Ne2 Be7 9. exd5 Nxd5 10. Bxg7 Rg8 11. Bb2 Bf6 12. Bxf6 Qxf6 13. O-O O-O-O 14. a4 Nd4 15. a5 a6 16. Nxd4 Qxd4 17. Nc4 Kb8 18. Qf3 h5 19. Nb6 h4 20. Ra4 Qc3 21. Rc4 Qxa5 22. Nxd5 exd5 23. Rxh4 Ka8 24. Ra4 Qc3 25. Rfa1 Rge8 26. Qd1 Re6 27. h4 Kb8 28. Kh2 Rf6 29. Qe2 Re6 30. Qd1 Rf6 31. Kg1 Re6 32. R4a2 Rde8 33. Qf3 Re5 34. Qf4 Ka7 35. Bxd5 Qd4 36. Qxd4 cxd4 37. Bf3 R8e7 38. Kg2 Rc7 39. g4 Rec5 40. h5 Bh7 41. Re1 a5 42. Kg3 Ka6 43. b4 Rxc2 44. Rxa5+ Kb6 45. Be4 Bxe4 46. Rxe4 Rd2 47. Rxd4 Rcc2 48. Rf5 1-0


[Site "https://www.chess.com"]

[Event "Titled Tuesday Blitz January 10 Early 2023"]
[White "Khumalo, Keith"]
[Black "Pranav, V"]
[WhiteFideId "14319470"]
[BlackFideId "25060783"]
[WhiteElo "2623"]
[BlackElo "2994"]
[Result "1/2-1/2"]
[Round "04"]
[TimeControl "180+1"]
[Date "2023.01.10"]
[WhiteClock "0:00:22"]
[BlackClock "0:00:04"]

1. d4 Nf6 2. c4 e6 3. Nf3 b6 4. g3 Ba6 5. Qa4 Bb7 6. Bg2 Be7 7. O-O O-O 8. Rd1 c5 9. dxc5 bxc5 10. Nc3 Qb6 11. a3 Nc6 12. Rb1 Rfd8 13. Be3 Qa6 14. Qb5 d6 15. b4 cxb4 16. axb4 Qxb5 17. Nxb5 a6 18. Nbd4 Rac8 19. Nxc6 Bxc6 20. Rdc1 Be4 21. Ra1 Rb8 22. Bd2 Ra8 23. Ra5 Rdc8 24. Be3 Ng4 25. Bb6 Nf6 26. Be3 h6 27. Nd2 Bxg2 28. Kxg2 Bd8 29. Ra4 Ng4 30. Rca1 Nxe3+ 31. fxe3 Rab8 32. Rxa6 Rxb4 33. Rxd6 Rb2 34. Rb1 Rc2 35. Kf2 Ba5 36. Nb3 Bb4 37. Rd7 R2xc4 38. Nd4 g6 39. Ra1 Bc5 40. Rb1 Rb4 41. Rc1 Rbb8 42. h4 h5 43. Kf3 Ba3 44. Rxc8+ Rxc8 45. Nb5 Bc1 46. Rc7 Rxc7 47. Nxc7 Kg7 48. Nb5 Kf6 49. Nc3 Ke7 50. Ne4 Ba3 51. Nf2 Bc5 52. Nd3 Bd6 53. e4 Kd7 54. g4 hxg4+ 55. Kxg4 Be7 56. Ne5+ Ke8 57. Nd3 Kf8 58. h5 f5+ 59. exf5 gxf5+ 60. Kf4 Kg7 61. e4 fxe4 62. Kxe4 Kh6 63. Nf4 Bg5 64. Nxe6 Kxh5 1/2-1/2


[Site "https://www.chess.com"]

[Event "Titled Tuesday Blitz January 10 Early 2023"]
[White "Martinez Alcantara, Jose Eduardo"]
[Black "Piesik, Piotr"]
[WhiteFideId "3805662"]
[BlackFideId "1136194"]
[WhiteElo "2970"]
[BlackElo "2618"]
[Result "1-0"]
[Round "04"]
[TimeControl "180+1"]
[Date "2023.01.10"]
[WhiteClock "0:00:12"]
[BlackClock "0:00:16"]

1. e4 e6 2. d4 d5 3. exd5 exd5 4. Nf3 Nf6 5. Bd3 Bd6 6. O-O O-O 7. h3 b6 8. Bg5 Ba6 9. Nc3 Bxd3 10. Qxd3 c6 11. Ne5 Re8 12. f4 Be7 13. Rae1 Qc7 14. Bxf6 Bxf6 15. Ng4 Be7 16. Re3 Rf8 17. g3 Bd6 18. Rfe1 Nd7 19. Kg2 Rad8 20. Qf5 Qc8 21. Qd3 Rde8 22. Ne5 f6 23. Ng4 Rxe3 24. Nxe3 Re8 25. Re2 g6 26. Ncd1 f5 27. c4 Nf6 28. cxd5 Nxd5 29. Nxd5 cxd5 30. Nc3 Rxe2+ 31. Qxe2 Kf7 32. Qb5 h5 33. h4 Qe6 34. Kf2 Be7 35. Qxd5 Bf6 36. Qxe6+ Kxe6 37. Ke3 a6 38. Kd3 Kd6 39. a4 Be7 40. Kc4 Kc6 41. b4 Bf8 42. b5+ axb5+ 43. axb5+ Kc7 44. Nd5+ Kb7 45. Nf6 Kc7 46. Kd5 Bb4 47. Ke6 Be1 48. Kf7 Bxg3 49. Kxg6 Bxh4 50. Nxh5 Kd6 51. Ng7 Kd5 52. Nxf5 Bf2 53. Ne7+ Kxd4 54. f5 Bh4 55. Nc6+ Kc5 56. Na7 Kd6 57. f6 Ke6 58. f7 Be7 59. Kg7 Bf6+ 60. Kg8 1-0


[Site "https://www.chess.com"]

[Event "Titled Tuesday Blitz January 10 Early 2023"]
[White "Paravyan, David"]
[Black "Osmak, Yuliia"]
[WhiteFideId "4194985"]
[BlackFideId "14101602"]
[WhiteElo "2970"]
[BlackElo "2617"]
[Result "1-0"]
[Round "04"]
[TimeControl "180+1"]
[Date "2023.01.10"]
[WhiteClock "0:00:12"]
[BlackClock "0:00:04"]

1. e4 c6 2. d4 d5 3. e5 Bf5 4. h4 h5 5. Bd3 Bxd3 6. Qxd3 Qa5+ 7. Nd2 e6 8. Nf3 Ne7 9. O-O Nf5 10. Nb3 Qa6 11. Qd1 Be7 12. g3 Nd7 13. a4 g6 14. Bg5 Rc8 15. Bxe7 Kxe7 16. Qd2 c5 17. Nxc5 Nxc5 18. dxc5 Rxc5 19. Qg5+ Kf8 20. Qd8+ Kg7 21. Qf6+ Kg8 22. Ng5 Nh6 23. Qd8+ Kg7 24. Qf6+ Kg8 25. Ra3 Qb6 26. Rf3 Qc7 27. c3 Qd7 28. Rd1 Rc7 29. Rd4 Nf5 30. Rdf4 Qe7 31. c4 Qxf6 32. exf6 d4 33. Rd3 Rxc4 34. b3 Rc6 35. Rfxd4 Nxd4 36. Rxd4 Rc8 37. Rd7 Kf8 38. Rxf7+ Kg8 39. Rg7+ Kf8 40. Nxe6+ Ke8 41. Re7# 1-0


[Site "https://www.chess.com"]

[Event "Titled Tuesday Blitz January 10 Early 2023"]
[White "Oro, Faustino"]
[Black "Oparin, Grigoriy"]
[WhiteFideId "20000197"]
[BlackFideId "24125890"]
[WhiteElo "2613"]
[BlackElo "2942"]
[Result "0-1"]
[Round "04"]
[TimeControl "180+1"]
[Date "2023.01.10"]
[WhiteClock "0:00:02"]
[BlackClock "0:00:22"]

1. e4 e6 2. d4 d5 3. Nd2 h6 4. Ngf3 c5 5. exd5 Qxd5 6. Bc4 Qd7 7. dxc5 Bxc5 8. O-O Nf6 9. Qe2 O-O 10. Ne5 Qc7 11. Ndf3 Nc6 12. Nxc6 bxc6 13. Be3 Bd6 14. h3 e5 15. Rad1 e4 16. Nd4 Re8 17. c3 Rb8 18. Bb3 a6 19. Qc4 c5 20. Ne2 Be6 21. Qxa6 Bh2+ 22. Kh1 Ra8 23. Qb5 c4 24. Bc2 Reb8 25. Qc5 Rxb2 26. Qxc7 Bxc7 27. Nd4 Raxa2 28. Bb1 Ra6 29. Nxe6 Rxe6 30. Rd4 Bb6 31. Rxc4 Bxe3 32. fxe3 Reb6 33. Bxe4 g6 34. Bf3 Kg7 35. Rc6 Rxc6 36. Bxc6 Rc2 37. Bf3 Rxc3 38. e4 Re3 39. Kh2 h5 40. Ra1 Nxe4 41. Ra7 Nf6 42. Bc6 Rc3 43. Bb5 h4 44. Ra4 g5 45. Rd4 Nh5 46. Be2 Ng3 47. Bd1 Rc1 48. Rd3 Kf6 49. Kg1 Ke5 50. Kf2 f5 51. Rd8 Ra1 52. Bf3 Ra2+ 53. Ke1 Kf4 54. Rd4+ Ke3 55. Rc4 Ra1+ 56. Bd1 Ne4 57. Rb4 Nc3 0-1


[Site "https://www.chess.com"]

[Event "Titled Tuesday Blitz January 10 Early 2023"]
[White "Bodnaruk, Anastasia"]
[Black "Keymer, Vincent"]
[WhiteFideId "4181751"]
[BlackFideId "12940690"]
[WhiteElo "2607"]
[BlackElo "2935"]
[Result "0-1"]
[Round "04"]
[TimeControl "180+1"]
[Date "2023.01.10"]
[WhiteClock "0:00:01"]
[BlackClock "0:00:03"]

1. e4 c6 2. d4 d5 3. e5 Bf5 4. Nf3 e6 5. Be2 c5 6. O-O Nc6 7. c3 Bg6 8. Be3 cxd4 9. cxd4 Nge7 10. Nh4 Nf5 11. Nxf5 Bxf5 12. a3 Be7 13. b4 O-O 14. Nd2 a5 15. b5 Nb8 16. g4 Bg6 17. f4 f5 18. exf6 Bxf6 19. Nf3 Nd7 20. Bd3 Qe8 21. Re1 Be4 22. Bxe4 dxe4 23. Nd2 Qg6 24. g5 Nb6 25. Kh1 Be7 26. Qc2 Rac8 27. Qxe4 Nd5 28. Qxg6 hxg6 29. Ne4 Nxf4 30. Bxf4 Rxf4 31. Nc5 Bxc5 32. dxc5 Rxc5 33. Rxe6 Rxb5 34. Rxg6 Rh4 35. Ra2 Rh5 36. a4 Rbxg5 37. Rxg5 Rxg5 38. Rb2 Rg4 39. Rxb7 Rxa4 40. Kg2 Rb4 41. Ra7 a4 42. Kg3 Kh7 43. Ra6 g6 44. h3 Kh6 45. h4 Kg7 46. Kh3 Kf7 47. Kg3 Rb3+ 48. Kg4 a3 49. Kf4 Kg7 50. Kg4 Kh6 51. Ra8 Rc3 52. Ra7 Rd3 53. Ra8 Kg7 54. Ra6 Rb3 55. Kf4 Kf7 56. Kg4 Ke7 57. Rxg6 Rb4+ 58. Kg3 Ra4 59. Rg7+ Kf6 0-1


[Site "https://www.chess.com"]

[Event "Titled Tuesday Blitz January 10 Early 2023"]
[White "Dardha, Daniel"]
[Black "Maksimenko, Viktor"]
[WhiteFideId "240990"]
[BlackFideId "13710478"]
[WhiteElo "2918"]
[BlackElo "2596"]
[Result "1/2-1/2"]
[Round "04"]
[TimeControl "180+1"]
[Date "2023.01.10"]
[WhiteClock "0:00:04"]
[BlackClock "0:00:09"]

1. d4 Nf6 2. Bg5 d5 3. Bxf6 gxf6 4. c4 dxc4 5. e3 c5 6. Bxc4 e6 7. Nf3 cxd4 8. exd4 Bg7 9. O-O O-O 10. Nc3 f5 11. Re1 Nd7 12. Rc1 a6 13. Bb3 b6 14. d5 Nc5 15. Ne5 Bb7 16. dxe6 fxe6 17. Qe2 Kh8 18. Rcd1 Qc7 19. Na4 Nxb3 20. axb3 Be4 21. Nd7 Rg8 22. f3 Bd5 23. Ndxb6 Bxb3 24. Nxa8 Qa7+ 25. N4b6 Bxd1 26. Rxd1 Rxa8 27. Qf2 Rb8 28. Nc4 Qxf2+ 29. Kxf2 Bxb2 30. Rd6 e5 31. Rxa6 Bd4+ 32. Kg3 Rg8+ 33. Kh3 Rg6 34. Ra8+ Kg7 35. g3 Rc6 36. Ra4 Kf6 37. g4 e4 38. fxe4 fxe4 39. Nd2 Ke5 40. Ra5+ Kf4 41. Rf5+ Ke3 42. Nf1+ Kd3 43. Ng3 e3 44. Ra5 e2 45. Ra3+ Bc3 46. Nxe2 Kxe2 47. Kg2 Kd3 48. Ra7 h6 49. h4 Ke4 50. g5 hxg5 51. hxg5 Kf5 52. Rf7+ Kxg5 53. Rf3 Be5 54. Rf2 Bf4 55. Re2 Kg4 56. Kf2 Rh6 57. Kg2 Rh2+ 58. Kf1 Rh1+ 59. Kg2 Ra1 60. Kf2 Ra3 61. Kg2 Be3 62. Kf1 Kf3 63. Rf2+ Ke4 64. Re2 Ra8 65. Rg2 Kd3 66. Rg3 Ra1+ 67. Kg2 Ke2 68. Rg4 Ra2 69. Kg3 Bf2+ 70. Kf4 Ra4+ 71. Kf5 Ra5+ 72. Ke4 Ra8 73. Kf5 Kf3 74. Rf4+ Ke3 75. Re4+ Kd3 76. Re6 Be3 77. Rd6+ Bd4 78. Ke6 Ke4 79. Rc6 Rh8 80. Kd7 Be5 81. Re6 Ra8 82. Rc6 Ra7+ 83. Ke6 Ra8 84. Kd7 Kd5 85. Rd6+ Ke4 86. Rc6 1/2-1/2


[Site "https://www.chess.com"]

[Event "Titled Tuesday Blitz January 10 Early 2023"]
[White "Royal, Shreyas"]
[Black "Kadric, Denis"]
[WhiteFideId "448869"]
[BlackFideId "14403803"]
[WhiteElo "2590"]
[BlackElo "2896"]
[Result "0-1"]
[Round "04"]
[TimeControl "180+1"]
[Date "2023.01.10"]
[WhiteClock "0:00:05"]
[BlackClock "0:00:15"]

1. e4 d6 2. d4 Nf6 3. Bd3 e5 4. Nf3 exd4 5. Nxd4 g6 6. c4 Bg7 7. O-O O-O 8. Nc3 Nbd7 9. Be3 Re8 10. f3 c6 11. Qd2 Ne5 12. Be2 a6 13. Rfd1 Qc7 14. Rac1 Bd7 15. h3 Be6 16. b3 Bc8 17. Na4 Ned7 18. Nc2 Bf8 19. b4 b5 20. Nc3 Ne5 21. cxb5 axb5 22. Nd4 Qb7 23. Nb3 Be6 24. Na5 Qd7 25. f4 Nc4 26. Nxc4 Bxc4 27. Bxc4 bxc4 28. e5 Nh5 29. exd6 Ng3 30. Qf2 Nf5 31. Bc5 h5 32. Qf3 Ra3 33. Ne4 Rxf3 34. Nf6+ Kg7 35. Nxd7 Rd3 36. Ne5 Rxd6 37. Bxd6 Bxd6 38. Nxc6 Bxf4 39. Rxc4 Ne3 40. Rxf4 Nxd1 41. b5 Nc3 42. a4 Ne2+ 43. Kh2 Nxf4 44. b6 Re2 45. Kg3 g5 46. b7 Rxg2+ 47. Kf3 Rb2 48. b8=Q Rxb8 49. Nxb8 Nxh3 50. a5 Nf4 51. a6 Nd5 52. a7 Nb6 53. Nd7 Na8 54. Ke4 h4 55. Ne5 f6 56. Nf3 Kg6 57. Kd5 h3 58. Kc6 g4 59. Kb7 gxf3 60. Kxa8 h2 61. Kb8 h1=Q 0-1


[Site "https://www.chess.com"]

[Event "Titled Tuesday Blitz January 10 Early 2023"]
[White "Rozman, Levy"]
[Black "Renjith, Sravan"]
[WhiteFideId "2039877"]
[BlackFideId "4306783"]
[WhiteElo "2850"]
[BlackElo "2579"]
[Result "1-0"]
[Round "04"]
[TimeControl "180+1"]
[Date "2023.01.10"]
[WhiteClock "0:00:04"]
[BlackClock "0:00:01"]

1. d4 d5 2. Bg5 Nd7 3. c4 h6 4. Bh4 c6 5. Nc3 Ngf6 6. e3 e6 7. Nf3 Be7 8. Bd3 O-O 9. O-O b6 10. Qe2 Bb7 11. cxd5 Nxd5 12. Bg3 c5 13. Rfd1 Rc8 14. Rac1 cxd4 15. exd4 N7f6 16. Ne5 Nxc3 17. bxc3 Nd5 18. Qe4 f5 19. Qe1 f4 20. Qe4 Rf5 21. Ng6 Qd6 22. Bh4 Rc7 23. Qe2 f3 24. Qe1 Rh5 25. Bg3 Qd7 26. c4 Bb4 27. Qf1 fxg2 28. Qe2 Nf6 29. d5 exd5 30. cxd5 Rxc1 31. Rxc1 Rg5 32. Rc7 Qxd5 33. Bc4 1-0


[Site "https://www.chess.com"]

[Event "Titled Tuesday Blitz January 10 Early 2023"]
[White "Mikhailovsky, Vladimir"]
[Black "Aaditya Dhingra"]
[WhiteFideId "34105414"]
[BlackFideId "25678191"]
[WhiteElo "2813"]
[BlackElo "2575"]
[Result "1-0"]
[Round "04"]
[TimeControl "180+1"]
[Date "2023.01.10"]
[WhiteClock "0:00:01"]
[BlackClock "0:00:38"]

1. d4 d5 2. c4 e6 3. Nc3 c6 4. e4 dxe4 5. Nxe4 Bb4+ 6. Nc3 c5 7. Be3 Ne7 8. dxc5 Bxc3+ 9. bxc3 Qa5 10. Qb3 O-O 11. Bd3 Nd7 12. Qb4 Qc7 13. Nf3 Nc6 14. Qa3 f5 15. O-O e5 16. Ng5 Nf6 17. f4 h6 18. Nh3 Ng4 19. Rae1 Nxe3 20. Rxe3 e4 21. Be2 Be6 22. Rb1 Rad8 23. Rg3 Rd2 24. Re1 Rfd8 25. Kf1 Na5 26. Qb4 Nc6 27. Qa3 Qf7 28. Re3 Bxc4 29. Ng1 Bxe2+ 30. Nxe2 Qc4 31. Qb3 Na5 32. Qb4 Qa6 33. Kg1 Nc4 34. Rg3 Rb2 35. Rg6 Qxg6 36. Qxc4+ Kh7 37. Ng3 h5 38. Re2 Rb1+ 39. Kf2 h4 40. Nf1 1-0


[Site "https://www.chess.com"]

[Event "Titled Tuesday Blitz January 10 Early 2023"]
[White "Crevatin, Leo"]
[Black "Bilych, Olexiy"]
[WhiteFideId "1726307"]
[BlackFideId "14156504"]
[WhiteElo "2562"]
[BlackElo "2792"]
[Result "0-1"]
[Round "04"]
[TimeControl "180+1"]
[Date "2023.01.10"]
[WhiteClock "0:00:02"]
[BlackClock "0:00:19"]

1. d4 Nf6 2. c4 e6 3. Nc3 Bb4 4. e3 O-O 5. a3 Bxc3+ 6. bxc3 b6 7. f3 Nc6 8. e4 Na5 9. Bg5 d6 10. Bd3 Ba6 11. Qe2 h6 12. Bh4 e5 13. Nh3 c5 14. d5 Bc8 15. Nf2 g5 16. Bg3 Nh5 17. Nd1 Nf4 18. Bxf4 exf4 19. g3 Qf6 20. gxf4 Qxf4 21. Ne3 Bh3 22. O-O-O f5 23. Kb1 Rae8 24. Rde1 Kh8 25. Qc2 Qxf3 26. Nxf5 Nxc4 27. Bxc4 Rxe4 28. Nxd6 Rxc4 29. Kb2 Rcf4 30. Re7 Bf5 31. Nxf5 R4xf5 32. Rhe1 Qxd5 33. R1e2 R8f7 34. Re8+ Kg7 35. h4 g4 36. R8e4 h5 37. Qc1 Rf2 38. Qc2 Rxe2 39. Rxe2 Qf5 40. Qd2 Rd7 41. Qe3 Qf6 42. Rf2 Qg6 43. Qe5+ Kh7 44. Qe3 Rf7 45. Rd2 g3 46. Rg2 Rg7 47. Qf4 Qg4 48. Qe3 Qxh4 49. Qe5 Qg5 50. Qe4+ Qg6 51. Qe3 h4 52. Qf4 Qg5 53. Qe4+ Kh6 54. Re2 g2 55. Qe6+ Rg6 56. Qc8 Kh5 57. Qh8+ Rh6 58. Qe8+ Qg6 59. Re5+ Kg4 60. Qd7+ Kg3 61. Re3+ Kf2 62. Qd2+ Kg1 63. Qe1+ Kh2 64. Qf2 Qd6 65. Re2 Qg3 66. Qf5 Rd6 67. Qc2 Rf6 68. Qc1 Rf2 69. Qd2 Rxe2 70. Qxe2 Kh1 71. Qe4 h3 72. Qd5 Qf2+ 73. Kb3 Qf4 74. a4 Kh2 75. Qd1 g1=Q 0-1


[Site "https://www.chess.com"]

[Event "Titled Tuesday Blitz January 10 Early 2023"]
[White "Boruchovsky, Avital"]
[Black "Hirneise, Jens"]
[WhiteFideId "2800055"]
[BlackFideId "24614734"]
[WhiteElo "2791"]
[BlackElo "2560"]
[Result "1-0"]
[Round "04"]
[TimeControl "180+1"]
[Date "2023.01.10"]
[WhiteClock "0:00:07"]
[BlackClock "0:00:14"]

1. c4 e6 2. Nc3 Nf6 3. e4 d5 4. e5 Ne4 5. Nf3 Be7 6. Qc2 Nxc3 7. dxc3 c5 8. Bd3 h6 9. O-O Nc6 10. Bf4 Bd7 11. Rad1 Qa5 12. cxd5 exd5 13. Bf5 Bxf5 14. Qxf5 g6 15. Qh3 Rd8 16. e6 Qa4 17. exf7+ Kxf7 18. Ne5+ Nxe5 19. Bxe5 Rh7 20. f4 Qe4 21. f5 Qxe5 22. Rde1 Qd6 23. fxg6+ Kxg6 24. Re6+ Kg7 25. Rxd6 Rxd6 26. Qf5 Kg8 27. Qc8+ Rd8 28. Qe6+ Kh8 29. Rf7 Rxf7 30. Qxf7 Bg5 31. g3 d4 32. cxd4 cxd4 33. h4 Be3+ 34. Kg2 Rg8 35. Kf3 Rg7 36. Qf6 Kh7 37. b4 Kg8 38. Qe6+ Rf7+ 39. Ke4 Kf8 40. Qd6+ Kg7 41. h5 Kg8 42. a4 Rg7 43. a5 Kh7 44. Qe5 a6 45. Qf5+ Kg8 46. Qe6+ Kh7 47. g4 Kh8 48. Kd3 Kh7 49. Qe4+ Kh8 50. Kc4 Kg8 51. Kd5 Rd7+ 52. Ke6 Rg7 53. Qd5 Kf8 54. Kf6 Bg5+ 55. Kf5 Rf7+ 56. Ke4 Re7+ 57. Kxd4 Ke8 58. Qg8+ Kd7 59. Kc4 Re4+ 60. Kb3 Rxg4 61. Qd5+ Ke7 62. Qxb7+ Kf6 63. Qxa6+ Kf5 64. Qc8+ Kf4 65. a6 Rg3+ 66. Ka4 Bf6 67. a7 Rg1 68. a8=Q Ra1+ 69. Kb5 Rxa8 70. Qxa8 1-0


[Site "https://www.chess.com"]

[Event "Titled Tuesday Blitz January 10 Early 2023"]
[White "Fiorito, Francisco"]
[Black "Rakhmanov, Aleksandr"]
[WhiteFideId "180165"]
[BlackFideId "4173708"]
[WhiteElo "2557"]
[BlackElo "2788"]
[Result "0-1"]
[Round "04"]
[TimeControl "180+1"]
[Date "2023.01.10"]
[WhiteClock "0:00:03"]
[BlackClock "0:00:10"]

1. e4 c5 2. Nf3 Nf6 3. e5 Nd5 4. Nc3 Nxc3 5. dxc3 Nc6 6. Bd3 e6 7. O-O Qc7 8. Qe2 h6 9. Re1 b6 10. Nd2 d5 11. exd6 Bxd6 12. h3 Bb7 13. Nc4 Bf4 14. Qg4 Bxc1 15. Raxc1 O-O-O 16. a4 g5 17. Rcd1 h5 18. Qxg5 Rhg8 19. Qe3 Na5 20. f3 Qg3 21. Qf2 Qxf3 22. Qxf3 Bxf3 23. Nxa5 Bxd1 24. Nc6 Bf3 25. Ne7+ Kc7 26. Nxg8 Rxg8 27. Bf1 Bc6 28. b3 h4 29. Kf2 Rg3 30. Re3 Rxe3 31. Kxe3 e5 32. Kf2 f5 33. g3 hxg3+ 34. Kxg3 Kd6 35. h4 Ke7 36. Be2 Kf6 37. b4 f4+ 38. Kf2 Bxa4 39. bxc5 bxc5 40. Kf3 Bxc2 41. Kg4 Bf5+ 42. Kh5 e4 0-1


[Site "https://www.chess.com"]

[Event "Titled Tuesday Blitz January 10 Early 2023"]
[White "Bryakin, Mikhail"]
[Black "Al-Tarboush, Ward"]
[WhiteFideId "4165314"]
[BlackFideId "7601450"]
[WhiteElo "2781"]
[BlackElo "2545"]
[Result "1-0"]
[Round "04"]
[TimeControl "180+1"]
[Date "2023.01.10"]
[WhiteClock "0:00:03"]
[BlackClock "0:00:02"]

1. c4 c5 2. Nf3 Nc6 3. g3 g6 4. Bg2 Bg7 5. O-O Nh6 6. Nc3 Nf5 7. e3 O-O 8. b3 a6 9. Bb2 b5 10. Rb1 bxc4 11. bxc4 Rb8 12. Na4 Bxb2 13. Rxb2 Rxb2 14. Nxb2 Qa5 15. Qb3 d6 16. Qa4 Bd7 17. Ng5 Qxd2 18. Bxc6 Bxc6 19. Qxc6 Qxb2 20. Qxa6 Rb8 21. h4 Qc2 22. Qa7 Rb2 23. Qa8+ Kg7 24. Qe8 Qxc4 25. e4 Nd4 26. Qxe7 h6 27. Nh3 Ne2+ 28. Kg2 Nxg3 29. Re1 Ne2 30. h5 g5 31. Nxg5 Nf4+ 32. Kf3 Qd3+ 33. Re3 Qd1+ 34. Kxf4 Rxf2+ 35. Nf3 Qg1 36. Qh4 c4 37. Qg3+ Qxg3+ 38. Kxg3 Rxa2 39. Rc3 Ra4 40. Kf4 Kf6 41. Nd2 Ra5 42. Nxc4 Rxh5 43. Nxd6 Rh4+ 44. Kg3 Rh1 45. Rc5 Rg1+ 46. Kf2 Rd1 47. Nf5 h5 48. Ne3 Rd4 49. Kf3 Kg6 50. Rc6+ Kg5 51. Rc5+ Kg6 52. Kf4 f6 53. Rc7 Rd2 54. Nf5 h4 55. Rg7+ Kh5 56. Rh7+ Kg6 57. Rxh4 Rf2+ 58. Ke3 Ra2 59. Rh8 Rb2 60. Rg8+ Kf7 61. Rg7+ Kf8 62. Ra7 Rh2 63. Nd4 Rb2 64. Kf4 Rf2+ 65. Ke3 Rb2 66. Ne6+ Ke8 67. Nf4 Kf8 68. Nd5 Rb3+ 69. Kf4 Rb2 70. Nxf6 Rf2+ 71. Kg5 Rf5+ 72. Kg6 Rg5+ 73. Kh6 Rg6+ 74. Kh5 Rxf6 75. Kg5 Rf1 76. Rb7 Ke8 77. Kg4 Kf8 78. Rc7 Ke8 79. Rc5 Ke7 80. Rf5 Rg1+ 81. Kf4 Ra1 82. Rh5 Ke6 83. Rh6+ Ke7 84. Kf5 Ra5+ 85. e5 Ke8 86. Kf6 Ra1 87. Rh8+ Kd7 88. e6+ Kc7 89. e7 Rf1+ 90. Kg5 Rg1+ 91. Kf4 1-0


[Site "https://www.chess.com"]

[Event "Titled Tuesday Blitz January 10 Early 2023"]
[White "Tikhonov, Viacheslav"]
[Black "Postny, Evgeny"]
[WhiteFideId "44196407"]
[BlackFideId "2804344"]
[WhiteElo "2543"]
[BlackElo "2775"]
[Result "0-1"]
[Round "04"]
[TimeControl "180+1"]
[Date "2023.01.10"]
[WhiteClock "0:00:18"]
[BlackClock "0:00:05"]

1. d4 c5 2. c4 cxd4 3. Nf3 e5 4. e3 dxe3 5. Bxe3 Nc6 6. Nc3 d6 7. Qd2 Nf6 8. h3 Be7 9. g4 O-O 10. Bg2 e4 11. Ng5 Ne5 12. b3 Nd3+ 13. Kf1 d5 14. cxd5 Nxd5 15. Nxd5 Qxd5 16. Bxe4 Qe5 17. Qxd3 Qxa1+ 18. Kg2 Qe5 19. Bxh7+ Kh8 20. Bg8 Bf5 21. gxf5 Bxg5 22. Bxg5 Kxg8 23. h4 Rfe8 24. Rd1 Rac8 25. Qf3 Qe4 26. Rd7 Qxf3+ 27. Kxf3 Rc5 28. Rxb7 Rxf5+ 29. Kg3 a5 30. Be3 a4 31. bxa4 Ra5 32. a3 Rxa4 33. Bc5 Rc4 34. Bb4 Re6 35. Rb5 Rd4 36. Rg5 Rd3+ 37. Kg2 Rf6 38. Rg3 Rd5 39. Rf3 Rxf3 40. Kxf3 Rd4 41. Kg3 Kh7 42. f3 Kg6 43. Bc5 Rc4 44. Bf8 f6 45. Bb4 Kf5 46. Bf8 g6 47. Be7 Rc7 48. Bd6 Rd7 49. Bc5 Rd1 50. Bb4 Rg1+ 51. Kf2 Rb1 52. Be7 Ke6 53. Bb4 Rb3 54. Kg3 Ke5 55. Kg4 f5+ 56. Kg5 Rxf3 57. Kxg6 Rg3+ 58. Kh6 f4 59. Ba5 Ke4 60. Bc7 Rg2 61. h5 f3 62. Bb6 Rb2 63. Bc5 Rc2 64. Ba7 f2 65. Bxf2 Rxf2 66. Kg6 Ke5 67. h6 Ke6 68. Kg7 Ke7 69. a4 Rg2+ 70. Kh7 Kf7 71. a5 Rg6 72. a6 Rxa6 73. Kh8 Rxh6# 0-1


[Site "https://www.chess.com"]

[Event "Titled Tuesday Blitz January 10 Early 2023"]
[White "Tanenbaum, Zachary"]
[Black "Derjabin, Ilja"]
[WhiteFideId "2060850"]
[BlackFideId "14104768"]
[WhiteElo "2768"]
[BlackElo "2540"]
[Result "0-1"]
[Round "04"]
[TimeControl "180+1"]
[Date "2023.01.10"]
[WhiteClock "0:00:02"]
[BlackClock "0:00:32"]

1. e4 e6 2. d4 d5 3. Nc3 Nf6 4. Bg5 Be7 5. e5 Ne4 6. Nxe4 dxe4 7. Bxe7 Qxe7 8. c3 O-O 9. Bc4 c5 10. Ne2 Nc6 11. Bb5 Bd7 12. Bxc6 Bxc6 13. O-O cxd4 14. Nxd4 Bd5 15. b3 Rad8 16. Qe2 Qc7 17. c4 Bxc4 18. bxc4 Rxd4 19. Rab1 b6 20. Rbc1 Qxe5 21. c5 bxc5 22. Qb5 Rc8 23. Rc2 g6 24. Rfc1 e3 25. fxe3 Qxe3+ 26. Kh1 Rcd8 27. Rf1 Rd1 28. h3 Rxf1+ 29. Qxf1 Qd3 30. Qxd3 Rxd3 31. Rxc5 Ra3 32. Rc2 h5 33. Kg1 h4 34. Kf2 g5 35. Rb2 Kg7 36. Kg1 Kg6 37. Kh2 f6 38. Re2 e5 39. Rd2 e4 40. Re2 Kf5 41. Rf2+ Ke5 42. Rb2 f5 43. Rc2 e3 44. Re2 Ke4 45. Rb2 Kd3 46. Rb7 e2 47. Rd7+ Ke3 48. Re7+ Kf2 49. Rf7 f4 50. g4 e1=Q 51. Rxf4+ gxf4 52. g5 Qg1# 0-1


[Site "https://www.chess.com"]

[Event "Titled Tuesday Blitz January 10 Early 2023"]
[White "Kvaloy, Aksel Bu"]
[Black "Avila Pavas, Santiago"]
[WhiteFideId "1528815"]
[BlackFideId "4437128"]
[WhiteElo "2534"]
[BlackElo "2762"]
[Result "0-1"]
[Round "04"]
[TimeControl "180+1"]
[Date "2023.01.10"]
[WhiteClock "0:00:02"]
[BlackClock "0:00:05"]

1. d4 Nf6 2. c4 c5 3. d5 b5 4. cxb5 a6 5. bxa6 g6 6. Nc3 Bg7 7. a7 Rxa7 8. e4 O-O 9. Nf3 e6 10. Be2 exd5 11. exd5 d6 12. O-O Na6 13. Bg5 h6 14. Bh4 Nc7 15. Bc4 Bb7 16. a4 Qa8 17. Bg3 Rd8 18. Re1 Nfxd5 19. Ne4 Ne8 20. Qb3 Bc6 21. a5 Nb4 22. Bxd6 Nxd6 23. Nxc5 Rb8 24. Ne5 Na6 25. Qd3 Nxc4 26. Qxc4 Nxc5 27. Qxc5 Bxg2 28. b4 Bh1 29. f3 Bxf3 30. b5 Rxa5 31. Rxa5 Qxa5 32. Nxf3 Qxb5 33. Qxb5 Rxb5 34. Re8+ Kh7 35. Re7 Rf5 36. Kg2 Bf6 37. Rxf7+ Kg8 38. Rb7 h5 39. h3 Bg7 40. Nd2 Re5 41. Nf3 Re2+ 42. Kg3 Bh6 43. Rb6 Kg7 44. Rb7+ Kg8 45. Rb6 Kh7 46. Rb7+ Bg7 47. Ng5+ Kg8 48. Rb8+ Bf8 49. Nh7 Kxh7 50. Rxf8 Kh6 51. Ra8 Re3+ 52. Kg2 Kg5 53. Ra5+ Kf4 54. Ra6 Re2+ 55. Kg1 g5 56. Rf6+ Kg3 57. Rg6 Re1# 0-1


[Site "https://www.chess.com"]

[Event "Titled Tuesday Blitz January 10 Early 2023"]
[White "Samunenkov, Ihor"]
[Black "Mkrtchian, Lilit"]
[WhiteFideId "14187086"]
[BlackFideId "13300601"]
[WhiteElo "2762"]
[BlackElo "2530"]
[Result "1-0"]
[Round "04"]
[TimeControl "180+1"]
[Date "2023.01.10"]
[WhiteClock "0:00:02"]
[BlackClock "0:00:02"]

1. e4 e6 2. d4 d5 3. Nd2 Be7 4. Bd3 c5 5. dxc5 Nf6 6. Qe2 O-O 7. Ngf3 a5 8. O-O Na6 9. c4 Nxc5 10. cxd5 Nxd3 11. Qxd3 exd5 12. e5 Nd7 13. Nb3 a4 14. Nbd4 Nc5 15. Qe2 Bg4 16. Rd1 Re8 17. h3 Bh5 18. Be3 Ne6 19. Qb5 Nxd4 20. Nxd4 Bxd1 21. Rxd1 Bf8 22. Qxb7 Rb8 23. Qa7 Rxb2 24. Qxa4 Qa8 25. Qd7 Rxe5 26. Rc1 Re7 27. Qf5 Rxa2 28. Rc8 Ra1+ 29. Kh2 Qb7 30. Bg5 Rc7 31. Re8 Ra8 32. Re1 Rc4 33. Nf3 Qc7+ 34. g3 Rc2 35. Be3 Rc8 36. Nd4 Ra2 37. Qxd5 Ra5 38. Qf3 Ra2 39. Rb1 Qd7 40. Rb7 Rc7 41. Rb8 Rc8 42. Rb5 Qe7 43. Nf5 Qf6 44. Qg4 1-0


[Site "https://www.chess.com"]